 Dungeon Crawl Stone Soup version 0.31-a0-1074-g0b22e4e0f1 (webtiles) character file.

Game seed: 7902740613881205252

11209 grandjackal the Fighter (level 11, -7/130 HPs)
             Began as an Ogre Warper on Dec 1, 2023.
             Was an Initiate of Ashenzari.
             Mangled by a wraith (9 damage)
             ... led by Josephine
             ... on level 11 of the Dungeon.
             The game lasted 00:14:42 (11186 turns).

grandjackal the Fighter (Ogre Warper)              Turns: 11186, Time: 00:14:43

Health: -7/130     AC:  7    Str: 29    XL:     11   Next: 74%
Magic:  10/15      EV:  9    Int: 18    God:    Ashenzari [......]
Gold:   654        SH:  0    Dex:  5    Spells: 5/16 levels left

rFire   . . .        o - +10 trident of Dishonesty {elec, *Noise rN+ Str+6 Dex-3}
rCold   . . .        (no shield)
rNeg    + . .        S - +0 troll leather armour
rPois   .            N - +2 hat of Ashenzari's Affliction {Stlth+, Comp, Cun} (curse)
rElec   .            A - +0 cloak
rCorr   .            (gloves unavailable)
SInv    .            (boots unavailable)
Will    +....        (no amulet)
Stlth   ++           v - +6 ring of strength
HPRegen 1.21/turn    E - +4 ring of slaying
MPRegen 0.14/turn

%: no passive effects
@: mighty, slowed, very slow
A: large, unfitting armour, tough skin 1
a: Renounce Religion, Curse Item, Shatter the Chains


You were on level 11 of the Dungeon.
You worshipped Ashenzari.
Ashenzari was noncommittal.
You visited 2 branches of the dungeon, and saw 12 of its levels.
You also visited: Sewer.

You collected 931 gold pieces.
You spent 277 gold pieces at shops.

Inventory:

Hand Weapons
 i - a +0 flail
 o - the +10 trident of Dishonesty (weapon) {elec, *Noise rN+ Str+6 Dex-3}
   (You found it on level 2 of the Dungeon)

   Str+6:     It affects your strength (+6).
   Dex-3:     It affects your dexterity (-3).
   rN+:       It protects you from negative energy.
   *Noise:    It may make a loud noise when swung.
Missiles
 b - 2 throwing nets (quivered)
 d - 7 darts of dispersal
 m - 34 poisoned darts
 y - 4 curare-tipped darts
Armour
 A - a +0 cloak (worn)
 J - a +2 robe of cold resistance
 K - a +2 robe of positive energy
 N - the cursed +2 hat of Ashenzari's Affliction (worn) {Stlth+, Comp, Cun}
   (You found it on level 9 of the Dungeon)

   It has a curse which improves the following skills: Companions: Summonings
   and Necromancy.
   Cunning:   Dodging and Stealth.
 Q - +0 steam dragon scales
 S - a +0 troll leather armour (worn)
Jewellery
 p - a ring of resist corrosion
 v - a +6 ring of strength (left hand)
 E - a +4 ring of slaying (right hand)
 G - a ring of flight
 M - a ring of positive energy
 R - a ring of protection from cold
Wands
 t - a wand of flame (21)
 u - a wand of polymorph (5)
 D - a wand of digging (12)
 P - a wand of roots (2)
Scrolls
 a - 4 scrolls of amnesia
 c - 6 scrolls of blinking
 e - a scroll of identify
 f - 7 scrolls of teleportation
 j - a scroll of brand weapon
 q - 3 scrolls of poison
 r - 5 scrolls of enchant armour
 w - 4 scrolls of noise {unknown}
 x - 4 scrolls of torment {unknown}
 z - a scroll of silence
 B - 3 scrolls of butterflies {unknown}
 H - a scroll of fear
 L - a scroll of vulnerability
 T - a scroll of revelation {unknown}
Potions
 g - 2 potions of heal wounds
 h - 7 potions of curing
 k - a potion of brilliance
 l - a potion of attraction
 n - a potion of lignification
 s - 3 potions of enlightenment
 C - a potion of haste
 F - 3 potions of mutation
 I - a potion of resistance
 O - 2 potions of might


   Skills:
 + Level 14.0 Fighting
 + Level 9.9 Maces & Flails
 - Level 1.0 Throwing
 - Level 2.1(2.4) Dodging
 - Level 3.0 Spellcasting
 + Level 10.1 Translocations


You had 5 spell levels left.
You knew the following spells:

 Your Spells              Type           Power      Damage    Failure   Level
a - Blink                 Tloc           78%        N/A       1%          2
b - Manifold Assault      Tloc           39%        N/A       2%          4
c - Teleport Other        Tloc           39%        N/A       1%          3
d - Lesser Beckoning      Tloc           78%        N/A       1%          2

Your spell library contained the following spells:

 Spells                   Type           Power      Damage    Failure   Level
 Momentum Strike          Conj/Tloc      40%        3d9       3%          2
 Slow                     Hex            8%         N/A       19%         1
 Vhi's Electric Charge    Tloc/Air       40%        N/A       22%         4
 Confusing Touch          Hex            2%         N/A       47%         3
 Sigil of Binding         Hex            2%         N/A       47%         3
 Vampiric Draining        Necr           2%         2d6       47%         3


Dungeon Overview and Level Annotations

Branches:
Dungeon (11/15)            Temple (1/1) D:6            Lair (0/5) D:10
  Sewer (visited)
    Orc: D:9-12

Altars:
Ashenzari
Cheibriados
Dithmenos
Elyvilon
Fedhas
Gozag
Hepliaklqana
Kikubaaqudgha
Makhleb
Nemelex Xobeh
Okawaru
Qazlal
Ru
Sif Muna
Trog
Uskayaw
Vehumet
Wu Jian
Xom
Yredelemnul
Zin
The Shining One

Shops:
D:1 !   D:6 [   D:8 ?   D:10 *

Annotations:
D:3 2 transporters, RabbitInGlasses's ghost, amateur DrSh
D:9 1 runed translucent door, bmb222's ghost, novice DsGl


Innate Abilities, Weirdness & Mutations

You are too large for most types of armour.
You have tough skin. (AC +1)


Message History

You feel as though you will be slow longer.
The boulder beetle leaps!
The wraith hits you but does no damage.
The purple ugly thing bites you but does no damage.
The wraith hits you but does no damage. The wraith hits you.
* * * LOW HITPOINT WARNING * * *
The wraith drains your vigour!
You feel as though you will be slow longer.
The wraith hits you but does no damage.
The purple ugly thing bites you but does no damage.
You impale the purple ugly thing!!
Lightning courses through the purple ugly thing!
The purple ugly thing is almost dead.
The wraith hits you but does no damage. x2; The wraith hits you!
* * * LOW HITPOINT WARNING * * *
The wraith drains your vigour!
You feel as though you will be slow longer.
The purple ugly thing bites you!
* * * LOW HITPOINT WARNING * * *
The wraith hits you but does no damage. The wraith hits you.
* * * LOW HITPOINT WARNING * * *
The wraith drains your vigour!
You feel as though you will be slow longer.
The wraith hits you but does no damage.
The purple ugly thing completely misses you.
You feel much better. The wraith completely misses you.
The wraith hits you but does no damage. x2; The purple ugly thing bites you.
* * * LOW HITPOINT WARNING * * *
Unknown command.
You impale the purple ugly thing!!
You kill the purple ugly thing!
You feel less wooden.
Your +0 cloak unmelds from your body.
The cursed +2 hat of Ashenzari's Affliction {Stlth+, Comp, Cun} unmelds from your body.
Your +0 troll leather armour unmelds from your body.
You feel stealthy. The wraith hits you but does no damage. The wraith hits you!
* * * LOW HITPOINT WARNING * * *
The wraith hits you but does no damage. The wraith hits you!
* * * LOW HITPOINT WARNING * * *
The wraith barely misses you. The wraith hits you!
You die...

.. .....##..#
...#........####
...#.......)....
#..............
.............. ....
#............
.....##..#WW....#
......#.##@.)...##..
..$...#..##W.....|..
......C...........!#
................####
<..............##
..............##
..............#
..............# .
.................#


You could see 3 wraiths.

Vanquished Creatures
  Josephine (D:11)
  Fannar (D:10)
  A centaur warrior (D:10)
  A two-headed ogre (D:11)
  A cyclops (D:11)
  An ugly thing (D:11)
  Maggie (D:10)
  Psyche (D:8)
  5 trolls
  A glass eye (D:7)
  3 shadows
  A wyvern (D:8)
  13 yaks
  A wraith (D:11)
  A steam dragon (D:10)
  2 black bears
  2 sky beasts
  3 ice beasts
  An ogre (D:4)
  3 orc warriors
  3 centaurs
  3 phantoms
  3 kobold brigands
  A bullfrog (D:8)
  A scorpion (D:6)
  Blork the orc (D:5)
  A gnoll sergeant (D:9)
  7 wights
  6 killer bees (D:10)
  An electric eel (D:7)
  A howler monkey (D:6)
  5 hounds
  A jelly (D:5)
  7 orc priests
  3 gnoll boudas
  3 iguanas
  3 sleepcaps
  Terence (D:3)
  15 orc wizards
  8 gnolls
  5 adders
  3 river rats
  A shadow imp (D:8)
  3 worms
  5 dart slugs
  49 orcs
  8 endoplasms
  5 giant cockroaches
  4 goblins
  12 hobgoblins
  3 jackals (Sewer)
  4 quokkas
  7 ball pythons
  4 bats
  2 frilled lizards (D:1)
  22 kobolds
  5 rats
260 creatures vanquished.

Vanquished Creatures (others)
  An orc wizard (D:6)
1 creature vanquished.

Grand Total: 261 creatures vanquished

Notes
Turn   | Place    | Note
-------+----------+-------------------------------------------
     0 | D:1      | grandjackal the Ogre Warper began the quest for the Orb.
     0 | D:1      | Reached XP level 1. HP: 22/22 MP: 3/3
   118 | D:1      | Reached XP level 2. HP: 29/29 MP: 5/5
   121 | D:1      | Learned a level 2 spell: Blink
   130 | D:1      | Found a faded altar of an unknown god.
   139 | D:1      | Reached skill level 3 in Fighting
   494 | D:1      | Reached XP level 3. HP: 28/37 MP: 7/7
   678 | D:1      | Found Ynuwn's Distillery.
   683 | D:1      | Bought a potion of heal wounds for 55 gold pieces
  1219 | D:2      | Identified the +10 trident of Dishonesty {elec, *Noise rN+
                  | Str+6 Dex-3}
  1406 | D:2      | Reached XP level 4. HP: 46/48 MP: 8/8
  1465 | D:2      | Learned a level 4 spell: Manifold Assault
  1509 | D:3      | Reached skill level 4 in Fighting
  1601 | D:3      | Found a transporter.
  1601 | D:3      | Found a transporter.
  1601 | D:3      | Noticed RabbitInGlasses's ghost (amateur DrSh)
  1756 | D:3      | Noticed Terence
  1760 | D:3      | Killed Terence
  1761 | D:3      | Reached XP level 5. HP: 46/54 MP: 9/9
  2466 | D:4      | Noticed a phantom
  2471 | D:4      | Killed a phantom
  2472 | D:4      | Reached skill level 5 in Fighting
  2472 | D:4      | Reached XP level 6. HP: 66/66 MP: 10/10
  3069 | D:4      | Found an ornate altar of the Wu Jian Council.
  3445 | D:5      | Entered Level 5 of the Dungeon
  3498 | D:5      | Reached skill level 6 in Fighting
  3498 | D:5      | Reached XP level 7. HP: 60/75 MP: 11/11
  3563 | D:5      | Noticed Blork the orc
  3570 | D:5      | Killed Blork the orc
  3839 | D:5      | Found a sacrificial altar of Ru.
  3944 | D:6      | Found a burning altar of Makhleb.
  3963 | D:6      | Reached skill level 5 in Translocations
  4032 | D:6      | Reached skill level 7 in Fighting
  4049 | D:6      | Reached XP level 8. HP: 80/87 MP: 12/12
  4145 | D:6      | Reached skill level 5 in Maces & Flails
  4257 | D:6      | Found Nemesaf's Antique Armour Boutique.
  4281 | D:6      | Found a hide-covered altar of Uskayaw.
  4406 | D:6      | Reached skill level 8 in Fighting
  4545 | D:6      | Found a glowing drain.
  4553 | Sewer    | Entered a sewer
  4690 | Sewer    | Found a white marble altar of Elyvilon.
  4832 | D:6      | Found a staircase to the Ecumenical Temple.
  4851 | Temple   | Entered the Ecumenical Temple
  4859 | Temple   | Became a worshipper of Ashenzari the Shackled
  4886 | D:6      | Reached XP level 9. HP: 63/97 MP: 13/13
  4894 | Temple   | Reached skill level 9 in Fighting
  5100 | D:6      | Identified the +9 quarterstaff "Aputac Jel" {antimagic,
                  | SInv}
  5114 | D:6      | Found a shimmering blue altar of Sif Muna.
  5741 | D:7      | Identified the +1 robe of Zoda {rC- Will- Str+2 Int+6}
  6044 | D:7      | Reached skill level 10 in Fighting
  6511 | D:7      | Noticed a manticore
  6514 | D:7      | a manticore changed into a glass eye
  6522 | D:7      | Reached XP level 10. HP: 93/111 MP: 14/14
  6877 | D:8      | Found Ruqopn's Magic Scroll Boutique.
  6887 | D:8      | Bought a scroll of teleportation for 36 gold pieces
  6887 | D:8      | Bought a scroll of amnesia for 48 gold pieces
  6887 | D:8      | Bought a scroll of enchant armour for 90 gold pieces
  6887 | D:8      | Bought a scroll of poison for 48 gold pieces
  6944 | D:8      | Reached skill level 11 in Fighting
  7141 | D:8      | Found an opulent altar of Gozag.
  7212 | D:8      | Found a snail-covered altar of Cheibriados.
  7670 | D:8      | Found a shimmering altar of Xom.
  7678 | D:8      | Noticed Psyche
  7682 | D:8      | Killed Psyche
  7805 | D:8      | Found a bloodstained altar of Trog.
  8386 | D:9      | Reached skill level 12 in Fighting
  8418 | D:9      | Found a radiant altar of Vehumet.
  8750 | D:9      | Found a stormy altar of Qazlal.
  8790 | D:9      | Found a runed translucent door.
  8790 | D:9      | Noticed bmb222's ghost (novice DsGl)
  9047 | D:10     | Entered Level 10 of the Dungeon
  9296 | D:10     | Noticed Maggie
  9315 | D:10     | Killed Maggie
  9316 | D:10     | Reached XP level 11. HP: 36/124 MP: 15/15
  9779 | D:10     | Found an iron altar of Okawaru.
  9801 | D:10     | Found Wuufail's Fire Supplies.
 10189 | D:10     | Noticed a centaur warrior
 10196 | D:10     | Killed a centaur warrior
 10197 | D:10     | Reached skill level 13 in Fighting
 10550 | D:10     | Found a staircase to the Lair.
 10662 | D:10     | Learned a level 3 spell: Teleport Other
 10665 | D:10     | Learned a level 2 spell: Lesser Beckoning
 10674 | D:11     | Noticed Fannar
 10691 | D:10     | Killed Fannar
 11148 | D:11     | Noticed a two-headed ogre
 11153 | D:11     | Killed a two-headed ogre
 11154 | D:11     | Noticed a cyclops
 11164 | D:11     | Noticed Josephine
 11166 | D:11     | Killed a cyclops
 11168 | D:11     | Noticed a boulder beetle
 11176 | D:11     | Killed Josephine
 11176 | D:11     | Noticed a purple ugly thing
 11177 | D:11     | Reached skill level 10 in Translocations
 11180 | D:11     | Reached skill level 14 in Fighting
 11186 | D:11     | Killed a purple ugly thing
 11186 | D:11     | Identified the cursed +2 hat of Ashenzari's Affliction
                  | {Stlth+, Comp, Cun} (You found it on level 9 of the
                  | Dungeon)
 11186 | D:11     | HP: 2/130 [wraith[Josephine] (9)]
 11186 | D:11     | Mangled by a wraith

Illustrated notes

Levels and vault maps discovered:
D:1:      wheals_arrival_shading, layout_basic,
          hellmonk_ecumenical_altar_pennies_from_heaven, serial_shops, shop
D:2:      layout_rooms, due_unseen_surprise
D:3:      layout_basic, gammafunk_ghost_mausoleum, minmay_unequal, uniq_terence
D:4:      layout_loops_ring, nicolae_wu_jian_immortal_techniques
D:5:      layout_basic, lemuel_coloured_pillars_altar, uniq_blork_the_orc
D:6:      layout_basic, mainiacjoe_overflow_cross_hatched, led_sif_book,
          nicolae_uskayaw_murder_on_the_dancefloor, minmay_temple_entry_hall,
          gup_sewer_entry_bubbles, serial_shops, nicolae_shop_trees,
          kennysheep_generic_room_14
D:7:      layout_loops_cross, minivault_25, kennysheep_diamond
D:8:      layout_loops_ring, trog_hazing_becter, nicolae_gozag_seed_capital,
          general_overflow_altar, kennysheep_little_box, serial_shops,
          shop_scrolls, minmay_gold_behind_fungi, uniq_psyche
D:9:      layout_roguey, nicolae_qazlal_style_of_elements, marbit_many_paths,
          ebering_ghost_inner_flame
D:10:     layout_loops_cross, amcnicky_altar_gilded, lair_entry_dummy,
          nicolae_shop_fire_sale [nicolae_sub_dead_trees], uniq_maggie
D:11:     layout_cave_pools, david_orc_4, gammafunk_ghost_nasty_kobolds,
          st_stairs_14, uniq_fannar, uniq_harold, uniq_josephine
Temple:   eino_temple_lava

Skill      XL: |  1  2  3  4  5  6  7  8  9 10 11 |
---------------+----------------------------------+-----
Fighting       | 3 4 5 6 7 8 10 12 14 | 14.0
Maces & Flails | 2 3 4 5 7 8 9 |  9.9
Translocations | 3 4 5 6 7 9 10 | 10.1
Spellcasting   | 3 |  3.0
Throwing       | |  1.0
Dodging        | |  2.1

Action                     |  1- 3 |  4- 6 |  7- 9 | 10-12 || total
---------------------------+-------+-------+-------+-------++-------
  Melee: Mace              |   116 |       |       |       ||   116
         Trident           |    10 |    92 |   212 |   255 ||   569
         Flail             |     3 |       |       |       ||     3
         Punch             |       |     1 |     1 |     2 ||     4
  Throw: Dart              |       |       |     1 |       ||     1
         Throwing net      |       |       |       |     2 ||     2
   Cast: Blink             |       |       |     2 |       ||     2
         Manifold Assault  |       |       |       |     3 ||     3
 Invoke: Curse Item        |       |       |       |     1 ||     1
  Evoke: Wand              |       |       |     2 |       ||     2
    Use: Scroll            |       |       |     6 |     7 ||    13
         Potion            |       |       |       |     6 ||     6
   Stab: Held in net/web   |       |       |       |     1 ||     1
         Sleeping          |       |       |       |     1 ||     1
 Armour: Robe              |    97 |    50 |   151 |   205 ||   503
         Skin              |       |       |       |    79 ||    79
         Troll leather arm |       |       |       |    33 ||    33
  Dodge: Dodged            |    69 |    39 |    60 |   132 ||   300

Table legend: (Time is in decaauts)
 A = Elapsed time spent in this place.
 B = Non-inter-level travel time spent in this place.
 C = Inter-level travel time spent in this place.
 D = Time resting spent in this place.
 E = Time spent auto-exploring this place.
 F = Levels seen in this place.
 G = Mean time per level.
                   A        B        C        D        E       F      G
               +--------+--------+--------+--------+--------+-----+--------+
         Total |  11409 |  11124 |    285 |   3131 |   5939 |  13 |  877.6 |
       Dungeon |  11031 |  10747 |    284 |   2967 |   5817 |  11 | 1002.8 |
        Temple |    190 |    190 |      0 |    164 |      0 |   1 |  190.0 |
         Sewer |    187 |    187 |      0 |      0 |    122 |   1 |  187.0 |
               +--------+--------+--------+--------+--------+-----+--------+

Top non-repeatable levels by time:
    D:10: 1752 daAuts
     D:6: 1417 daAuts
     D:9: 1323 daAuts
     D:7: 1157 daAuts
     D:8: 1098 daAuts
     D:4: 1015 daAuts
     D:3: 981 daAuts
     D:1: 914 daAuts
     D:2: 594 daAuts
     D:5: 506 daAuts
    D:11: 269 daAuts
  Temple: 190 daAuts
   Sewer: 187 daAuts
